HBL
PORTLAND STAG @ OMAHA STORM CHASERS
05/28/1997
 
TOP OF THE 1ST
Portland Stag batting - Pitching for Omaha Storm Chasers : RHP Geremi Gonzalez
Pitching: RHP Geremi Gonzalez
Batting: SHB Jose Vizcaino 0-0: DOUBLE (Line Drive, 7LS, EV 99.4 MPH)
Batting: RHB Fernando Tatis 0-0: Ground out 6-3 (Groundball, 6, EV 84.4 MPH)
Batting: RHB Jeff Kunkel 0-0: Foul Ball, location: 2F
0-1: Foul Ball, location: 2F
0-2: Fly out, F8 (Flyball, 8RD, EV 83.8 MPH)
Runner from 2nd tags up, SAFE at 3rd with throw by CF
Batting: LHB Mark P Johnson 0-0: Ball
1-0: Foul Ball, location: 2F
1-1: Swinging Strike
1-2: Strikes out swinging
Top of the 1st over - 0 runs, 1 hit, 0 errors, 1 left on base; Portland 0 - Omaha 0
BOTTOM OF THE 1ST
Omaha Storm Chasers batting - Pitching for Portland Stag : RHP Bill C. Swift
Pitching: RHP Bill C. Swift
Batting: RHB Roberto Mejia 0-0: Foul Ball, location: 2F
0-1: SINGLE (Line Drive, 89M, EV 98.1 MPH)
Batting: RHB Hensley Meulens 0-0: Ball
1-0: Ball
2-0: Called Strike
2-1: Called Strike
2-2: Strikes out swinging
Batting: RHB Eduardo Perez Balk!
Roberto Mejia to second
0-0: Ball
1-0: Foul Ball, location: 2F
1-1: Foul Ball, location: 2F
1-2: Ball
2-2: Foul Ball, location: 2F
2-2: Ball
3-2: SINGLE (Groundball, 56D, EV 106.9 MPH)
Roberto Mejia to third
Runner from 3rd tries for Home, SAFE, no throw by LF
Batting: SHB Javier Valentin 0-0: Ball
1-0: Ball
2-0: Ball
3-0: Called Strike
3-1: Base on Balls
Eduardo Perez to second
Batting: RHB Danny Clyburn 0-0: Called Strike
0-1: Fly out, F9 (Flyball, 9S, EV 87.5 MPH)
Batting: RHB Henry Blanco 0-0: Called Strike
0-1: Swinging Strike
0-2: Ball
1-2: Fly out, F9 (Line Drive, 9, EV 92.5 MPH)
Bottom of the 1st over - 1 run, 2 hits, 0 errors, 2 left on base; Portland 0 - Omaha 1
TOP OF THE 2ND
Portland Stag batting - Pitching for Omaha Storm Chasers : RHP Geremi Gonzalez
Batting: RHB Wes Chamberlain 0-0: Swinging Strike
0-1: Called Strike
0-2: Strikes out swinging
Batting: RHB Chris Widger 0-0: Called Strike
0-1: Ball
1-1: Ball
2-1: Called Strike
2-2: Ball
3-2: Foul Ball, location: 2F
3-2: Base on Balls
Batting: RHB Alex S Gonzalez 0-0: Called Strike
0-1: Swinging Strike
0-2: Ball
1-2: Ball
2-2: Ball
3-2: Foul Ball, location: 2F
3-2: SINGLE (Flyball, 89S, EV 99.4 MPH)
Chris Widger to second
Runner from 2nd tries for 3rd, SAFE, no throw by RF
Batting: RHB Josh Booty 0-0: Ball
1-0: Ball
2-0: Swinging Strike
2-1: Ball
3-1: Base on Balls
Alex S Gonzalez to second
Batting: LHB Yoshinobu Takahashi 0-0: Ball
1-0: Grounds into double play, 6-4-3 (Groundball, 6, EV 85.6 MPH)
Top of the 2nd over - 0 runs, 1 hit, 0 errors, 2 left on base; Portland 0 - Omaha 1
BOTTOM OF THE 2ND
Omaha Storm Chasers batting - Pitching for Portland Stag : RHP Bill C. Swift
Batting: RHB Riccardo Ingram 0-0: Fly out, F8 (Flyball, 8RXD, EV 93.1 MPH)
Batting: SHB Kerwin Moore 0-0: Ball
1-0: Foul Ball, location: 2F
1-1: Ball
2-1: SOLO HOME RUN (Flyball, 9D, EV 91.9 MPH), Distance : 365 ft
Batting: SHB Pablo Martinez 0-0: Called Strike
0-1: Foul Ball, location: 2F
0-2: Ball
1-2: Ball
2-2: DOUBLE (Flyball, 89XD, EV 108.8 MPH)
Batting: RHB Roberto Mejia 0-0: Ball
1-0: Ground out 4-3 (Groundball, 4, EV 90.0 MPH)
Pablo Martinez to third
Batting: RHB Hensley Meulens 0-0: Ball
1-0: Called Strike
1-1: 2-RUN HOME RUN (Flyball, 8RXD, EV 103.8 MPH), Distance : 432 ft
Batting: RHB Eduardo Perez 0-0: Called Strike
0-1: Fly out, F4 (Popup, 34D, EV 43.1 MPH)
Bottom of the 2nd over - 3 runs, 3 hits, 0 errors, 0 left on base; Portland 0 - Omaha 4
TOP OF THE 3RD
Portland Stag batting - Pitching for Omaha Storm Chasers : RHP Geremi Gonzalez
Batting: SHB Jose Vizcaino 0-0: Ball
1-0: Ball
2-0: Foul Ball, location: 2F
2-1: Reached on error, E4 (Groundball, 4, EV 94.4 MPH)
Batting: RHB Fernando Tatis 0-0: Swinging Strike
0-1: Swinging Strike
0-2: Strikes out swinging
Batting: RHB Jeff Kunkel 0-0: Ball
1-0: Ball
2-0: Fly out, F9 (Flyball, 9S, EV 86.9 MPH)
Batting: LHB Mark P Johnson 0-0: Ball
1-0: Called Strike
1-1: Foul Ball, location: 2F
1-2: Ball
2-2: Fly out, F7 (Line Drive, 7D, EV 95.0 MPH)
Top of the 3rd over - 0 runs, 0 hits, 1 error, 1 left on base; Portland 0 - Omaha 4
BOTTOM OF THE 3RD
Omaha Storm Chasers batting - Pitching for Portland Stag : RHP Bill C. Swift
Batting: SHB Javier Valentin 0-0: Ball
1-0: Ball
2-0: Fly out, F2 (Popup, 25F, EV 80.0 MPH)
Batting: RHB Danny Clyburn 0-0: Ball
1-0: Called Strike
1-1: Ball
2-1: Foul Ball, location: 2F
2-2: SINGLE (Groundball, 4MD, EV 104.4 MPH)
Batting: RHB Henry Blanco 0-0: Fly out, F9 (Flyball, 9S, EV 91.3 MPH)
Batting: RHB Riccardo Ingram 0-0: Ball
1-0: Called Strike
1-1: Foul Ball, location: 2F
1-2: Ball
2-2: Foul Ball, location: 2F
2-2: Ball
3-2: Fly out, F3 (Popup, 34S, EV 76.3 MPH)
Bottom of the 3rd over - 0 runs, 1 hit, 0 errors, 1 left on base; Portland 0 - Omaha 4
TOP OF THE 4TH
Portland Stag batting - Pitching for Omaha Storm Chasers : RHP Geremi Gonzalez
Batting: RHB Wes Chamberlain 0-0: Called Strike
0-1: Foul Ball, location: 2F
0-2: Ground out 6-3 (Groundball, 6, EV 77.5 MPH)
Batting: RHB Chris Widger 0-0: Swinging Strike
0-1: Foul Ball, location: 2F
0-2: Strikes out swinging
Batting: RHB Alex S Gonzalez 0-0: Ball
1-0: Ball
2-0: DOUBLE (Line Drive, 9LM, EV 93.1 MPH)
Batting: RHB Josh Booty 0-0: Ball
1-0: Swinging Strike
1-1: Ball
2-1: Called Strike
2-2: Ball
3-2: Strikes out swinging
Top of the 4th over - 0 runs, 1 hit, 0 errors, 1 left on base; Portland 0 - Omaha 4
BOTTOM OF THE 4TH
Omaha Storm Chasers batting - Pitching for Portland Stag : RHP Bill C. Swift
Batting: SHB Kerwin Moore 0-0: Ball
1-0: Called Strike
1-1: DOUBLE (Groundball, 5L, EV 93.8 MPH)
Batting: SHB Pablo Martinez 0-0: Swinging Strike
0-1: Ball
1-1: Reached on error, E3 (Groundball, 3, EV 91.9 MPH)
Kerwin Moore to third
Batting: RHB Roberto Mejia 0-0: Ball
1-0: Fly out, F9 (Flyball, 9LSF, EV 92.5 MPH)
Runner from 3rd tags up, SCORES, no throw by RF
Batting: RHB Hensley Meulens 0-0: Ball
1-0: Called Strike
1-1: Foul Ball, location: 2F
1-2: Foul Ball, location: 2F
1-2: Ball
2-2: Strikes out swinging
Batting: RHB Eduardo Perez 0-0: Called Strike
0-1: Fielders Choice at 2nd, 6-4 (Groundball, 6, EV 103.1 MPH)
Bottom of the 4th over - 1 run, 1 hit, 1 error, 1 left on base; Portland 0 - Omaha 5
TOP OF THE 5TH
Portland Stag batting - Pitching for Omaha Storm Chasers : RHP Geremi Gonzalez
Batting: LHB Yoshinobu Takahashi 0-0: Swinging Strike
0-1: Ball
1-1: Ball
2-1: SINGLE (Groundball, 56D, EV 98.1 MPH)
Batting: SHB Jose Vizcaino 0-0: Swinging Strike
0-1: Called Strike
0-2: Ball
1-2: DOUBLE (Groundball, 3L, EV 109.4 MPH)
Yoshinobu Takahashi to third
Batting: RHB Fernando Tatis 0-0: Ground out 5-3 (Groundball, 56S, EV 86.9 MPH)
Yoshinobu Takahashi scores
Batting: RHB Jeff Kunkel 0-0: Ball
1-0: Foul Ball, location: 2F
1-1: Ball
2-1: Ball
3-1: Called Strike
3-2: SINGLE (Line Drive, 6D, EV 96.3 MPH)
Jose Vizcaino to third
Runner from 3rd tries for Home, SAFE, no throw by CF
Batting: LHB Mark P Johnson 0-0: Ball
1-0: Ball
2-0: Foul Ball, location: 2F
2-1: Ball
3-1: Called Strike
3-2: Strikes out swinging
Batting: RHB Wes Chamberlain 0-0: Fly out, F3 (Popup, 3S, EV 78.8 MPH)
Top of the 5th over - 2 runs, 3 hits, 0 errors, 1 left on base; Portland 2 - Omaha 5
BOTTOM OF THE 5TH
Omaha Storm Chasers batting - Pitching for Portland Stag : RHP Bill C. Swift
Batting: SHB Javier Valentin 0-0: Ball
1-0: Ball
2-0: Swinging Strike
2-1: Ball
3-1: Base on Balls
Pitching: RHP Gary Haught
Batting: RHB Danny Clyburn 0-0: Called Strike
0-1: Swinging Strike
0-2: Ball
1-2: Foul Ball, location: 2F
1-2: Ball
2-2: Ball
3-2: Strikes out swinging
Batting: RHB Henry Blanco 0-0: Ball
1-0: Ball
2-0: 2-RUN HOME RUN (Line Drive, 7LD, EV 109.4 MPH), Distance : 337 ft
Batting: RHB Riccardo Ingram 0-0: Foul Ball, location: 2F
0-1: Swinging Strike
0-2: Foul Ball, location: 2F
0-2: Fly out, F3 (Popup, 3SF, EV 76.3 MPH)
Batting: SHB Kerwin Moore 0-0: Ball
1-0: Ground out 6-3 (Groundball, 6M, EV 80.0 MPH)
Bottom of the 5th over - 2 runs, 1 hit, 0 errors, 0 left on base; Portland 2 - Omaha 7
TOP OF THE 6TH
Portland Stag batting - Pitching for Omaha Storm Chasers : RHP Geremi Gonzalez
Pitching: LHP Carlos Pulido
Batting: RHB Chris Widger 0-0: Called Strike
0-1: Swinging Strike
0-2: Ball
1-2: Strikes out swinging
Batting: RHB Alex S Gonzalez 0-0: Ball
1-0: Called Strike
1-1: Called Strike
1-2: Ball
2-2: Foul Ball, location: 2F
2-2: Fly out, F8 (Flyball, 89S, EV 85.0 MPH)
Batting: RHB Josh Booty 0-0: Ball
1-0: Ball
2-0: SINGLE (Groundball, 6MD, EV 98.1 MPH)
Batting: LHB Yoshinobu Takahashi 0-0: Ball
1-0: Fielders Choice at 2nd, 5-4 (Groundball, 56, EV 105.0 MPH)
Top of the 6th over - 0 runs, 1 hit, 0 errors, 1 left on base; Portland 2 - Omaha 7
BOTTOM OF THE 6TH
Omaha Storm Chasers batting - Pitching for Portland Stag : RHP Gary Haught
Batting: SHB Pablo Martinez 0-0: Ball
1-0: Called Strike
1-1: Ball
2-1: Foul Ball, location: 2F
2-2: Strikes out swinging
Batting: RHB Roberto Mejia 0-0: Called Strike
0-1: Ball
1-1: Swinging Strike
1-2: Ground out 6-3 (Groundball, 6, EV 80.6 MPH)
Batting: RHB Hensley Meulens 0-0: Called Strike
0-1: Called Strike
0-2: Ball
1-2: Strikes out swinging
Bottom of the 6th over - 0 runs, 0 hits, 0 errors, 0 left on base; Portland 2 - Omaha 7
TOP OF THE 7TH
Portland Stag batting - Pitching for Omaha Storm Chasers : LHP Carlos Pulido
Batting: SHB Jose Vizcaino 0-0: Ball
1-0: Foul Ball, location: 2F
1-1: SINGLE (Groundball, 6MD, EV 104.4 MPH)
Batting: RHB Fernando Tatis 0-0: Ball
1-0: Ball
2-0: Foul Ball, location: 2F
2-1: Ball
3-1: Fly out, F8 (Flyball, 89S, EV 91.9 MPH)
Batting: RHB Jeff Kunkel 0-0: Ground out 5-3 (Groundball, 56S, EV 70.6 MPH)
Jose Vizcaino to second
Batting: LHB Mark P Johnson 0-0: Fly out, F8 (Flyball, 8RM, EV 88.1 MPH)
Top of the 7th over - 0 runs, 1 hit, 0 errors, 1 left on base; Portland 2 - Omaha 7
BOTTOM OF THE 7TH
Omaha Storm Chasers batting - Pitching for Portland Stag : RHP Gary Haught
Batting: RHB Eduardo Perez 0-0: Ball
1-0: Ball
2-0: Called Strike
2-1: Foul Ball, location: 2F
2-2: Ball
3-2: Strikes out swinging
Batting: SHB Javier Valentin 0-0: Ball
1-0: Fly out, F8 (Flyball, 8RD, EV 103.8 MPH)
Batting: RHB Danny Clyburn 0-0: Called Strike
0-1: Ball
1-1: Ball
2-1: Ball
3-1: Base on Balls
Pitching: LHP Billy Brewer
Batting: RHB Henry Blanco 0-0: Ball
1-0: Fly out, F3 (Line Drive, 3, EV 61.9 MPH)
Bottom of the 7th over - 0 runs, 0 hits, 0 errors, 1 left on base; Portland 2 - Omaha 7
TOP OF THE 8TH
Portland Stag batting - Pitching for Omaha Storm Chasers : LHP Carlos Pulido
Batting: RHB Wes Chamberlain 0-0: Ball
1-0: Ball
2-0: Called Strike
2-1: Fly out, F4 (Popup, 34S, EV 76.9 MPH)
Batting: RHB Chris Widger 0-0: Ball
1-0: Ball
2-0: Ball
3-0: Called Strike
3-1: Called Strike
3-2: Fly out, F7 (Line Drive, 7, EV 88.1 MPH)
Batting: RHB Alex S Gonzalez 0-0: Ball
1-0: Foul Ball, location: 2F
1-1: Ball
2-1: Ground out U3 (Groundball, 3, EV 88.8 MPH)
Top of the 8th over - 0 runs, 0 hits, 0 errors, 0 left on base; Portland 2 - Omaha 7
BOTTOM OF THE 8TH
Omaha Storm Chasers batting - Pitching for Portland Stag : LHP Billy Brewer
Batting: RHB Riccardo Ingram 0-0: Ball
1-0: Swinging Strike
1-1: Ball
2-1: Foul Ball, location: 2F
2-2: Ball
3-2: Ground out 5-3 (Groundball, 56, EV 90.0 MPH)
Batting: SHB Kerwin Moore 0-0: Foul Ball, location: 2F
0-1: Foul Ball, location: 2F
0-2: Ball
1-2: Ground out U3 (Groundball, 3, EV 84.4 MPH)
Batting: SHB Pablo Martinez 0-0: Called Strike
0-1: Ball
1-1: DOUBLE (Line Drive, 8LXD, EV 112.5 MPH)
Batting: RHB Roberto Mejia 0-0: Foul Ball, location: 2F
0-1: Ball
1-1: Ground out 4-3 (Groundball, 4S, EV 70.6 MPH)
Bottom of the 8th over - 0 runs, 1 hit, 0 errors, 1 left on base; Portland 2 - Omaha 7
TOP OF THE 9TH
Portland Stag batting - Pitching for Omaha Storm Chasers : LHP Carlos Pulido
Batting: RHB Josh Booty 0-0: Foul Ball, location: 2F
0-1: Called Strike
0-2: Ball
1-2: Ball
2-2: Foul Ball, location: 2F
2-2: SOLO HOME RUN (Flyball, 7D, EV 106.3 MPH), Distance : 376 ft
Batting: LHB Yoshinobu Takahashi 0-0: Ball
1-0: Ball
2-0: Ground out U3 (Groundball, 3, EV 91.3 MPH)
Batting: SHB Jose Vizcaino 0-0: Ball
1-0: Ball
2-0: Ball
3-0: Called Strike
3-1: Called Strike
3-2: Base on Balls
Pitching: LHP Pat Gomez
Batting: RHB Fernando Tatis 0-0: Ball
1-0: Foul Ball, location: 2F
1-1: Foul Ball, location: 2F
1-2: SINGLE (Groundball, 56D, EV 98.1 MPH)
Jose Vizcaino to second
Batting: RHB Jeff Kunkel 0-0: Called Strike
0-1: Ball
1-1: Ball
2-1: Swinging Strike
2-2: Strikes out swinging
Batting: LHB Mark P Johnson 0-0: SINGLE (Line Drive, 7S, EV 104.4 MPH)
Jose Vizcaino to third
Fernando Tatis to second
Batting: RHB Wes Chamberlain 0-0: Ball
1-0: Called Strike
1-1: Swinging Strike
1-2: Ball
2-2: Ball
3-2: Fly out, F7 (Flyball, 78M, EV 92.5 MPH)
Top of the 9th over - 1 run, 3 hits, 0 errors, 3 left on base; Portland 3 - Omaha 7
Monday, February 16th, 2026 - OOTP Baseball 20.8 Build 74